 Dungeon Crawl Stone Soup version 0.30-a0-799-g109b55a442 (webtiles) character file.

Game seed: 16508010889637618366

234 dolemite99 the Shooter (level 5, -4/42 HPs)
             Began as a Minotaur Hunter on Feb 21, 2023.
             Was a Follower of Cheibriados.
             Slain by an orc warrior
             ... wielding a +0 glaive
              (5 damage)
             ... on level 4 of the Dungeon.
             The game lasted 00:03:09 (3430 turns).

dolemite99 the Shooter (Minotaur Hunter)            Turns: 3430, Time: 00:03:10

Health: -4/42      AC:  3    Str: 18    XL:     5   Next: 75%
Magic:  4/4        EV: 12    Int:  9    God:    Cheibriados [*.....]
Gold:   627        SH:  0    Dex: 19    Spells: 4/4 levels left

rFire   . . .      SeeInvis .    a - +1 arbalest (heavy)
rCold   . . .      Faith    .    (shield currently unavailable)
rNeg    . . .      Spirit   .    c - +0 leather armour
rPois   .          Reflect  .    (helmet restricted)
rElec   .          Harm     .    (no cloak)
rCorr   .          Rampage  .    (no gloves)
Will    .....                    (no boots)
Stlth   ++                       (no amulet)
HPRegen 0.27/turn                (no ring)
MPRegen 0.09/turn                (no ring)

@: very slow
A: horns 2, retaliatory headbutt
a: Renounce Religion, Bend Time


You were on level 4 of the Dungeon.
You worshipped Cheibriados.
Cheibriados was aware of your devotion.
You visited 1 branch of the dungeon, and saw 4 of its levels.

You collected 627 gold pieces.

Inventory:

Hand Weapons
 a - a +1 heavy arbalest (weapon)
 e - a +0 shortbow
 f - a +0 sling
 j - a +0 dagger of venom
Armour
 c - a +0 leather armour (worn)
Magical Staves
 i - a staff of conjuration
Scrolls
 b - 2 scrolls of immolation
 d - a scroll of noise
 m - a scroll of blinking
Potions
 g - a potion of ambrosia
 h - a potion of mutation
 k - a potion of lignification {unknown}
 l - a potion of might {unknown}


   Skills:
 - Level 2.4 Fighting
 + Level 7.8 Ranged Weapons
 - Level 2.1 Dodging
 - Level 0.7 Stealth


You had 4 spell levels left.
You didn't know any spells.
Your spell library contained the following spells:

 Spells                   Type           Power      Damage    Failure   Level
 Static Discharge         Conj/Air       0%         2-2/arc   58%         2
 Hailstorm                Conj/Ice       0%         3d3       82%         3
 Vhi's Electric Charge    Tloc/Air       0%         N/A       82%         3
 Ice Form                 Ice/Tmut       0%         N/A       99%         4
 Arcjolt                  Conj/Air       0%         1d10      100%        5
 Lightning Bolt           Conj/Air       0%         1d11      100%        5
 Simulacrum               Ice/Necr       0%         N/A       100%        6


Dungeon Overview and Level Annotations

Branches:
Dungeon (4/15)
 Temple: D:4-7

Altars:
Cheibriados
Ru

Shops:
D:4 :

Annotations:
D:2 1 runed translucent door, Crazy Yiuf


Innate Abilities, Weirdness & Mutations

You have a pair of horns on your head.
You reflexively headbutt those who attack you in melee.


Message History

You headbutt the hobgoblin!
You kill the hobgoblin!
Cheibriados thoroughly appreciates the change of pace.
The orc priest hits you but does no damage.
You climb upwards.
There is a stone staircase leading down here.
You shoot a bolt. The bolt hits the orc priest!!
You kill the orc priest!
Cheibriados thoroughly appreciates the change of pace.
The endoplasm barely misses you. x2
The endoplasm closely misses you. You furiously retaliate!
You headbutt the endoplasm. The endoplasm freezes you.
You are frozen.
Things that are here:
a +0 short sword; a +0 chain mail An endoplasm is nearby!
You shoot a bolt. The bolt hits the endoplasm!!
You kill the endoplasm!
Cheibriados appreciates the change of pace.
You start resting.
HP restored.
You start waiting.
Done waiting.
There is a stone staircase leading down here.
You climb downwards.
There is a stone staircase leading up, spattered with blood here.
You shoot a bolt.
The bolt hits the orc warrior but does no damage.
The orc warrior hits you from afar with a +0 glaive.
An orc comes into view. It is wielding a +0 dagger.
The orc warrior hits you from afar with a +0 glaive!
A kobold comes into view. It is wielding a +0 dagger.
You are too injured to fight recklessly!
You are too injured to fight recklessly!
The orc warrior hits you from afar with a +0 glaive! x2
* * * LOW HITPOINT WARNING * * *
There is a stone staircase leading up, spattered with blood here.
The orc warrior hits you from afar with a +0 glaive.
You die...

.##.......#
...<.......
.......... .
#..∩...... ..##
.......#
.....##......
.........o## .
#...@.o.#....
#...#........
#...#.#.!.#.###
#.. ####.## #.
.. # ..# .## .#
.K


You could see an orc warrior and an orc.

Vanquished Creatures
  3 orc priests (D:3)
  A gnoll (D:1)
  5 adders
  A white imp (D:3)
  2 dart slugs (D:2)
  2 orcs (D:3)
  8 endoplasms
  2 giant cockroaches
  6 goblins
  8 hobgoblins
  2 quokkas
  8 ball pythons
  13 bats
  8 frilled lizards
  6 kobolds
  4 rats
79 creatures vanquished.

Notes
Turn   | Place    | Note
-------+----------+-------------------------------------------
     0 | D:1      | dolemite99 the Minotaur Hunter began the quest for the Orb.
     0 | D:1      | Reached XP level 1. HP: 18/18 MP: 0/0
   137 | D:1      | Reached XP level 2. HP: 25/25 MP: 1/1
   149 | D:1      | Reached skill level 5 in Ranged Weapons
   312 | D:1      | Reached XP level 3. HP: 30/30 MP: 2/2
  1189 | D:2      | Found a runed translucent door.
  1192 | D:2      | Noticed Crazy Yiuf
  1239 | D:2      | Reached skill level 6 in Ranged Weapons
  1416 | D:2      | Reached XP level 4. HP: 33/37 MP: 3/3
  2184 | D:3      | Found a sacrificial altar of Ru.
  2458 | D:3      | Identified 2 scrolls of acquirement
  2458 | D:3      | Acquired a +1 heavy arbalest
  2461 | D:3      | Acquired 425 gold pieces
  2475 | D:3      | Found a faded altar of an unknown god.
  2483 | D:3      | Prayed at the altar of an unknown god.
  2483 | D:3      | Became a worshipper of Cheibriados the Contemplative
  2483 | D:3      | Reached * piety under Cheibriados
  2534 | D:3      | Reached skill level 7 in Ranged Weapons
  2534 | D:3      | Reached XP level 5. HP: 42/42 MP: 4/4
  3253 | D:4      | Found Ekhlox's Book Boutique.
  3257 | D:4      | Noticed an orc warrior
  3429 | D:4      | HP: 1/42 [orc warrior/+0 glaive (12)]
  3430 | D:4      | Slain by an orc warrior

Illustrated notes

Levels and vault maps discovered:
D:1:      ebering_trefoil_3fold, layout_basic, chequers_garden
D:2:      layout_loops_ring, minmay_tromino_i2, uniq_crazy_yiuf_cottage
D:3:      layout_basic, nicolae_ru_sacrificial_ziggurat,
          shapermc_ecumenical_altar_pompeii
D:4:      layout_cave_pools, mainiacjoe_overflow_divided_tiny, serial_shops,
          shop, ebering_ghost_sewer_d

Skill      XL: |  1  2  3  4 |
---------------+-------------+-----
Ranged Weapons | 5 6 7 |  7.8
Fighting       | |  2.4
Dodging        | |  2.1
Stealth        | |  0.7

Action                     |  1- 3 |  4- 6 || total
---------------------------+-------+-------++-------
   Fire: Shortbow          |   131 |    32 ||   163
         Arbalest          |       |    32 ||    32
    Use: Scroll            |     1 |     9 ||    10
 Armour: Leather armour    |    23 |     6 ||    29
  Dodge: Dodged            |    32 |    34 ||    66

Table legend: (Time is in decaauts)
 A = Elapsed time spent in this place.
 B = Non-inter-level travel time spent in this place.
 C = Inter-level travel time spent in this place.
 D = Time resting spent in this place.
 E = Time spent auto-exploring this place.
 F = Levels seen in this place.
 G = Mean time per level.
                   A        B        C        D        E       F      G
               +--------+--------+--------+--------+--------+-----+--------+
         Total |   3773 |   3582 |    191 |    654 |   2365 |   4 |  943.2 |
       Dungeon |   3773 |   3582 |    191 |    654 |   2365 |   4 |  943.2 |
               +--------+--------+--------+--------+--------+-----+--------+

Top non-repeatable levels by time:
     D:3: 1540 daAuts
     D:1: 1144 daAuts
     D:2: 1072 daAuts
     D:4: 14 daAuts
